 Dungeon Crawl Stone Soup version 0.30-a0-373-gd37427bb62 (webtiles) character file.

Game seed: 15422507200676502109

72 mopl the Insei (level 4, -2/26 HPs)
             Began as a Meteoran Transmuter on Nov 24, 2022.
             Splashed by a jelly's acid (8 damage)
             ... on level 4 of the Dungeon.
             The game lasted 00:02:37 (1880 turns).

mopl the Insei (Meteoran Transmuter)                Turns: 1880, Time: 00:02:38

Health: -2/26      AC: -8    Str: 13    XL:     4   Next: 77%
Magic:  18/19      EV: 13    Int: 14    God:
Gold:   172        SH:  0    Dex: 21    Spells: 5/9 levels left

rFire   . . .      SeeInvis .      - Unarmed
rCold   . . .      Faith    .    (no shield)
rNeg    . . .      Spirit   .    a - +0 robe
rPois   .          Reflect  .    (helmet currently unavailable)
rElec   .          Harm     .    (no cloak)
rCorr   .          Rampage  .    m - +1 pair of gloves
Will    .....                    (boots currently unavailable)
Stlth   +.........               (no amulet)
HPRegen 0.24/turn                e - +6 ring of dexterity
MPRegen 0.16/turn                g - ring of magical power

@: appendages, corroded, glowing
A: horns 2, talons 2, sense surroundings 1, otherworldly, glowing, explore regen
a: End Transformation


You were on level 4 of the Dungeon.
You had temporarily grown beastly horns and talons.
You visited 1 branch of the dungeon, and saw 4 of its levels.

You collected 172 gold pieces.

Inventory:

Missiles
 c - a throwing net
 l - 6 poisoned darts
Armour
 a - a +0 robe (worn)
 m - a +1 pair of gloves (worn)
Jewellery
 e - a +6 ring of dexterity (left hand)
 g - a ring of magical power (right hand)
 k - a +4 ring of evasion
Scrolls
 h - a scroll of identify {unknown}
 i - a scroll of enchant armour {unknown}
 j - 2 scrolls of amnesia {unknown}
Potions
 b - 3 potions of lignification {!q}
 d - a potion of brilliance {unknown}
 f - 2 potions of curing {unknown}


   Skills:
 - Level 1.1 Fighting
 - Level 2.4 Dodging
 * Level 4.9 Unarmed Combat
 + Level 3.4 Spellcasting
 + Level 3.3 Transmutations
 + Level 0.9 Poison Magic


You had 5 spell levels left.
You knew the following spells:

 Your Spells              Type           Power      Damage    Failure   Level
a - Beastly Appendage     Tmut           22%        N/A       5%          1
b - Spider Form           Tmut/Pois      8%         N/A       26%         3

Your spell library contained the following spells:

 Spells                   Type           Power      Damage    Failure   Level
 Wereblood                Tmut           11%        N/A       8%          2
 Cigotuvi's Dreadful Rot  Necr/Pois/Air  6%         N/A       26%         2
 Poisonous Vapours        Pois/Air       6%         N/A       26%         2
 Mephitic Cloud           Conj/Pois/Air  3%         N/A       47%         3
 Ice Form                 Ice/Tmut       7%         N/A       71%         4


Dungeon Overview and Level Annotations

Branches:
Dungeon (4/15) Zot: 733
 Temple: D:4-7

Altars:


Innate Abilities, Weirdness & Mutations

You have temporarily grown beastly horns and talons.
You passively map a small area around you.
You are easily found by Zot.
You glow in the dark.
You regain HP and MP as you explore.


Message History

(D) Dungeon
Where to? (Enter - D:3, ? - help)
What level of the Dungeon? (default 1, ? - help)
There is a stone staircase leading down here.
You climb downwards.
Found a bubbling purple potion.
There is a stone staircase leading up here.
Found a stone staircase leading up.
f - 2 bubbling purple potions (gained 1)
A giant cockroach comes into view.
The giant cockroach bites you but does no damage.
You hit the giant cockroach.
You kill the giant cockroach!
No target in view!
A jelly comes into view.
An endoplasm comes into view.
The jelly quivers.
The jelly barely misses you.
You hit the jelly. The acid corrodes you!
Your hands burn!
The jelly is moderately wounded.
The jelly hits you. The acid corrodes you!
You are splashed with acid.
You hit the jelly but do no damage.
Your hands burn!
You punch the jelly.
The jelly is moderately wounded.
The jelly barely misses you.
You hit the jelly but do no damage. The acid corrodes you!
Your hands burn!
The jelly is moderately wounded.
The endoplasm quivers.
The jelly closely misses you.
You are too injured to fight recklessly!
Casting: Beastly Appendage (safe; 5% risk of failure)
Confirm with . or Enter, or press ? or * to list all spells.
You grow a pair of large bovine horns.
Your feet morph into talons.
The jelly barely misses you.
You hit the jelly but do no damage.
Your hands burn!
You claw the jelly, but do no damage.
The jelly is moderately wounded.
The jelly hits you.
* * * LOW HITPOINT WARNING * * *
You are splashed with acid!
You die...

,
#..##..........#
,
#..#........<.##
*
#...#..........##
* ,
*#.†#...........#
*
*#............##
* #....#...#####
, ##.#######
##.### * , *
#..@.# * #...J.#
,, , ,
#..##....., , ,
...# #......
..... ##J... *
..... ....
,....., * ,... ,
... , ,.. , ,


You could see a jelly and an endoplasm.

Vanquished Creatures
  An adder (D:2)
  3 worms (D:2)
  2 dart slugs (D:1)
  An orc (D:3)
  3 endoplasms
  4 giant cockroaches
  7 goblins
  5 hobgoblins
  2 jackals (D:1)
  3 quokkas
  2 ball pythons
  2 bats
  5 kobolds
  4 rats
44 creatures vanquished.

Notes
Turn   | Place    | Note
-------+----------+-------------------------------------------
     0 | D:1      | mopl the Meteoran Transmuter began the quest for the Orb.
     0 | D:1      | Reached XP level 1. HP: 16/16 MP: 5/5
    57 | D:1      | Reached XP level 2. HP: 13/23 MP: 6/6
    99 | D:1      | Reached skill level 4 in Unarmed Combat
   184 | D:1      | Reached skill level 3 in Spellcasting
   208 | D:1      | Reached XP level 3. HP: 25/28 MP: 8/8
   284 | D:1      | Reached skill level 3 in Transmutations
   384 | D:2      | Learned a level 3 spell: Spider Form
   529 | D:2      | Reached XP level 4. HP: 35/35 MP: 9/9
  1713 | D:3      | Glimpsed the power of Zot.
  1763 | D:3      | Glimpsed the power of Zot.
  1803 | D:3      | Glimpsed the power of Zot.
  1813 | D:3      | Touched by the power of Zot.
  1880 | D:4      | Splashed by a jelly's acid

Illustrated notes

Levels and vault maps discovered:
D:1:      heliophobic_arrival_glass_houses, layout_rooms,
          ebering_ecumenical_altar_ruins, kennysheep_nondescript
D:2:      layout_loops_ring, kennysheep_decorative_pillar,
          kennysheep_small_spiral, chequers_serial_rivers_small_b
D:3:      layout_basic
D:4:      minmay_door_path, layout_cave_pods, kennysheep_little_box,
          nicolae_overflow_two_pavilions, mrwooster_statue_mirror,
          corexii_checkpoint_a, kennysheep_generic_room_7, uniq_ijyb,
          uniq_duvessa

Skill      XL: |  1  2  3 |
---------------+----------+-----
Unarmed Combat | 4 |  4.9
Spellcasting   | 3 |  3.4
Transmutations | 3 |  3.3
Fighting       | |  1.1
Dodging        | |  2.4
Poison Magic   | |  0.9

Action                   |  1- 3 |  4- 6 || total
-------------------------+-------+-------++-------
Melee: Unarmed           |    83 |    71 ||   154
       Kick              |     6 |     1 ||     7
       Punch             |     3 |     4 ||     7
       Headbutt          |     3 |       ||     3
 Cast: Beastly Appendage |     2 |     1 ||     3
 Stab: Sleeping          |     1 |       ||     1
Armor: Robe              |    13 |    14 ||    27
Dodge: Dodged            |    38 |    39 ||    77

Table legend: (Time is in decaauts)
 A = Elapsed time spent in this place.
 B = Non-inter-level travel time spent in this place.
 C = Inter-level travel time spent in this place.
 D = Time resting spent in this place.
 E = Time spent auto-exploring this place.
 F = Levels seen in this place.
 G = Mean time per level.
                   A        B        C        D        E       F      G
               +--------+--------+--------+--------+--------+-----+--------+
         Total |   1865 |   1790 |     75 |      0 |   1399 |   4 |  466.2 |
       Dungeon |   1865 |   1790 |     75 |      0 |   1399 |   4 |  466.2 |
               +--------+--------+--------+--------+--------+-----+--------+

Top non-repeatable levels by time:
     D:3: 925 daAuts
     D:2: 570 daAuts
     D:1: 351 daAuts
     D:4: 19 daAuts
